 Dungeon Crawl Stone Soup version 0.17-a0-1446-gc28613e (webtiles) character file.

18 matakusis the Skirmisher (level 2, -1/24 HPs)
             Began as a Demonspawn Berserker on June 28, 2015.
             Was a Follower of Trog.
             Slain by Sigmund
             ... wielding a +0 scythe
              (2 damage)
             ... on level 2 of the Dungeon.
             The game lasted 00:05:25 (1054 turns).

matakusis the Skirmisher (Demonspawn Berserker)     Turns: 1054, Time: 00:05:25

Health: -1/24      AC: 10    Str: 17    XL:     2   Next: 51%
Magic:  2/2        EV: 13    Int:  8    God:    Trog [*.....]
Gold:   34         SH:  0    Dex: 19    Spells: 0 memorised, 1 level left

rFire  . . .     SeeInvis .     a - +0 mace
rCold  . . .     Clarity  .     h - +0 chain mail
rNeg   . . .     SustAt   .     (no shield)
rPois  .         Gourm    .     m - +0 helmet
rElec  .         Spirit   .     (no cloak)
rCorr  .         Warding  .     (no gloves)
rMut   .         Stasis   .     (no boots)
MR     .....                    (no amulet)
Stlth  ..........               (no ring)
                                (no ring)

@: agile, very slightly contaminated, not resistant to hostile enchantments,
extremely unstealthy
A: thin skeletal structure 1, shaggy fur 1, slow healing 1, wild magic 1
a: Burn Spellbooks, Berserk, Renounce Religion


You were on level 2 of the Dungeon.
You worshipped Trog.
Trog was aware of your devotion.
You were hungry.

You visited 1 branch of the dungeon, and saw 2 of its levels.

You collected 34 gold pieces.

Inventory:

Hand weapons
 a - a +0 mace (weapon)
Missiles
 e - 27 poisoned needles
Armour
 b - a +0 animal skin
 h - a +0 chain mail (worn)
 m - a +0 helmet (worn)
Jewellery
 p - an uncursed amulet of guardian spirit {unknown}
Scrolls
 d - a scroll of remove curse {unknown}
 g - a scroll of amnesia {unknown}
 i - 2 scrolls of identify {unknown}
 j - 3 scrolls of recharging {unknown}
Potions
 o - a potion of invisibility
Comestibles
 c - a bread ration


   Skills:
 * Level 3.4 Fighting
 * Level 3.0 Maces & Flails
 * Level 1.9 Armour
 + Level 1.8 Dodging


You had one spell level left.
You didn't know any spells.

Dungeon Overview and Level Annotations

Branches:
Dungeon (2/15)

Altars:

Annotations:
D:2 Sigmund


Innate Abilities, Weirdness & Mutations

You have a somewhat thin skeletal structure (Dex +2, Stealth).
You are covered in fur (AC +1).
You heal slowly when monsters are visible.
Your spells are a little harder to cast, but a little more powerful.


Message History

* * * LOW HITPOINT WARNING * * *
It was a potion of agility.
You feel agile all of a sudden. Something barely misses you.
It was a potion of mutation.
You feel extremely strange. Fur sprouts all over your body.
Your natural healing is weakened.
You feel less in control of your magic.
You see here a club.
A puff of flame appears from out of thin air!
The puff of flame misses you.
You flicker back into view.
You are confused.
You're too confused to move!
You bump into the rock wall.
You feel less confused. Something hits you but does no damage.
Something hits you.
* * * LOW HITPOINT WARNING * * *
You barely miss something. Something hits you.
You die...

.##
..#
#.#
#.#
#.#
#.#
#.#
#.#
#@#
#{#
#.#
#.#
#)#
#<#
#.#
#.#
#.#


There were no monsters in sight!

Vanquished Creatures
  2 bats (D:1)
  3 hobgoblins (D:1)
  6 jackals (D:1)
  2 goblins
  A kobold (D:1)
  4 rats (D:1)
18 creatures vanquished.

Notes
Turn   | Place    | Note
--------------------------------------------------------------
     0 | D:1      | matakusis the Demonspawn Berserker began the quest for the Orb.
     0 | D:1      | Reached XP level 1. HP: 18/18 MP: 1/1
   255 | D:1      | Gained mutation: You have a somewhat thin skeletal structure (Dex +2, Stealth). [demonic ancestry]
   255 | D:1      | Reached XP level 2. HP: 21/24 MP: 2/2
  1012 | D:2      | Noticed Sigmund
  1019 | D:2      | HP: 1/24 [Sigmund/magic dart (9)]
  1042 | D:2      | Gained mutation: You are covered in fur (AC +1). [potion of mutation]
  1042 | D:2      | Gained mutation: You heal slowly when monsters are visible. [potion of mutation]
  1042 | D:2      | Gained mutation: Your spells are a little harder to cast, but a little more powerful. [potion of mutation]
  1053 | D:2      | HP: 1/24 [something (4)]
  1054 | D:2      | Slain by Sigmund

Vault maps used:
D:1:      minmay_arrival_three_doors
D:2:      xom_teletrap_fun, uniq_natasha, uniq_sigmund

Action                   || total
-------------------------++-------
Melee: Mace              ||    55
  Use: Potion            ||     4
